 Dungeon Crawl Stone Soup version 0.27-a0-1434-g6f15984924 (webtiles) character file.

Game seed: 1834524696803455612

82 Brandom the Insei (level 4, -2/30 HPs)
             Began as an Octopode Transmuter on July 2, 2021.
             Was a Believer of Lugonu.
             Slain by a wraith (12 damage)
             ... in an ossuary.
             The game lasted 00:05:35 (1931 turns).

Brandom the Insei (Octopode Transmuter)             Turns: 1931, Time: 00:05:36

Health: -2/30      AC:  1    Str:  9    XL:     4   Next: 43%
Magic:  1/7        EV: 13    Int: 16    God:    Lugonu [**....]
Gold:   109        SH:  0    Dex: 12    Spells: 3/7 levels left

rFire    + . .     SeeInvis .     - Unarmed
rCold    . . .     Faith    .   (no shield)
rNeg     . . .     Spirit   .   (helmet restricted)
rPois    .         Reflect  .   (no amulet)
rElec    .         Harm     .   e - ring of protection from fire
rCorr    .         Rampage  .   (no ring)
Will     .....                  (no ring)
Stlth    ++........             (no ring)
HPRegen  0.10/turn              (no ring)
MPRegen  0.10/turn              (no ring)
                                (no ring)
                                (no ring)

@: brilliant, about to teleport, flying, very slightly contaminated, slowed,
very slow
A: almost no armour, amphibious, 8 rings, camouflage 1, gelatinous body 1,
(nimble swimmer 1), tentacles
a: Renounce Religion, Depart the Abyss, Bend Space


You were in an ossuary.
You worshipped Lugonu.
Lugonu was pleased with you.
You visited 1 branch of the dungeon, and saw 3 of its levels.
You also visited: Ossuary.

You collected 109 gold pieces.

Inventory:

Jewellery
 e - a ring of protection from fire (left tentacle)
   (You found it on level 1 of the Dungeon)
Scrolls
 a - a scroll of teleportation {@r4}
 b - 2 scrolls of identify {unknown}
 c - a scroll of fear {unknown}
 d - a scroll of blinking {unknown}
 g - a scroll of vulnerability {unknown}
Potions
 h - a potion of brilliance


   Skills:
 * Level 2.4 Fighting
 + Level 2.4 Dodging
 + Level 3.3 Unarmed Combat
 + Level 2.3 Spellcasting
 + Level 2.4 Transmutations
 + Level 0.0 Poison Magic
 + Level 1.1 Invocations


You had 3 spell levels left.
You knew the following spells:

 Your Spells              Type           Power      Damage    Failure   Level
a - Beastly Appendage     Tmut           28%        N/A       8%          1
x - Spider Form           Tmut/Pois      4%         N/A       34%         3

Your spell library contained the following spells:

 Spells                   Type           Power      Damage    Failure   Level
 Wereblood                Tmut           14%        N/A       11%         2
 Passwall                 Tmut/Erth      6%         N/A       19%         2
 Sandblast                Erth           4%         2d4       21%         1
 Ice Form                 Ice/Tmut       8%         N/A       77%         4
 Lee's Rapid Deconstruct  Erth           1%         3d5*      99%         5
 Conjure Ball Lightning   Conj/Air       1%         3x3d6     100%        6
 Discord                  Hex            1%         N/A       100%        8
 Disjunction              Tloc           1%         N/A       100%        8


Dungeon Overview and Level Annotations

Branches:
Dungeon (4/15)            Ossuary (1/1)
 Temple: D:4-7

Altars:
Lugonu


Innate Abilities, Weirdness & Mutations

You cannot wear most types of armour.
You are amphibious.
You can wear up to eight rings at the same time.
Your skin changes colour to match your surroundings (Stealth+).
Your rubbery body absorbs attacks. (AC +1, EV +1)
((You are camouflaged near water. (Stealth+)))
You have tentacles for arms and can constrict up to eight enemies at once.


Message History

h - a puce potion
b - 2 scrolls labelled ZEBUETZIKO (gained 1)
h - 2 puce potions (gained 1)
Your transformation has ended.
As you open the door, it creaks loudly!
There is an open door here.
A translucent unnaturally hard rock wall.
The spell is extremely dangerous to cast (34% risk of failure)!
Continue anyway?
You turn into a venomous arachnid creature.
As you open the door, it creaks loudly!
There is an open door here.
Your transformation is almost over.
Found a lead wand, a sedimented blue potion and a scroll of teleportation.
Found a scroll labelled ANATWE VOID.
You open the door.
A wraith comes into view.
The wraith hits you. The wraith drains your vigour!
You feel yourself slow down.
There is an open door here.
Okay, then.
You hit the wraith but do no damage. The wraith misses you.
The wraith closely misses you.
You hit the wraith but do no damage. The wraith barely misses you.
You hit the wraith but do no damage. The wraith closely misses you.
The wraith hits you! The wraith drains your vigour!
You feel as though you will be slow longer.
You hit the wraith.
Your transformation has ended.
The wraith hits you.
You tentacle-slap the wraith. You squeeze the wraith.
The wraith closely misses you.
The spell is extremely dangerous to cast (34% risk of failure)!
Continue anyway?
You miscast Spider Form.
You are very lightly contaminated with residual magic.
Nothing appears to happen.
The wraith hits you!
* * * LOW HITPOINT WARNING * * *
The wraith drains your vigour!
You feel as though you will be slow longer.
The wraith hits you but does no damage. Space bends around you!
You blink.
Found five items.
It was a potion of brilliance.
You feel clever all of a sudden.
Okay, then.
It was a potion of flight.
You feel very buoyant.
You fly up into the air.
The wraith completely misses you.
As you read the scroll of teleportation {@r4}, it crumbles to dust.
You feel strangely unstable. The wraith hits you!
You die...

...# #z# #...
.8.#####▓###.#
#..??/..
.....'.....'.#
#..???.
.8.#####▓###.###../!!
# ...# #W# #........
.. #### ###
#.###..###..#
#.#.#..#z#..#
#.'##..###..#
#...W@.......
#############


You could see a wraith and a flying skull (dormant).

Vanquished Creatures
  A wight (Ossuary)
  3 adder zombies (Ossuary)
  A worm (D:4)
  5 ball pythons
  2 endoplasms (D:1)
  2 giant cockroaches (D:1)
  2 gnoll zombies (D:4)
  A goblin (D:1)
  A quokka (D:1)
  A ball python skeleton (Ossuary)
  A bat (D:1)
  3 kobolds (D:1)
  2 kobold zombies (Ossuary)
  An orc skeleton (Ossuary)
  3 orc zombies
  A rat (D:1)
30 creatures vanquished.

Notes
Turn   | Place    | Note
-------+----------+-------------------------------------------
     0 | D:1      | Brandom the Octopode Transmuter began the quest for the
                  | Orb.
     0 | D:1      | Reached XP level 1. HP: 13/13 MP: 3/3
   208 | D:1      | Found a faded altar of an unknown god.
   216 | D:1      | Became a worshipper of Lugonu the Unformed
   216 | D:1      | Reached * piety under Lugonu
   216 | D:1      | Reached ** piety under Lugonu
   488 | D:1      | Reached XP level 2. HP: 18/18 MP: 5/5
  1271 | D:2      | You fall into a shaft and drop 2 floors!
  1303 | D:4      | Reached XP level 3. HP: 20/24 MP: 6/6
  1305 | D:4      | Found a sand-covered staircase.
  1442 | Ossuary  | Entered an ossuary
  1494 | Ossuary  | Reached skill level 1 in Invocations
  1494 | Ossuary  | Reached XP level 4. HP: 12/29 MP: 5/7
  1501 | Ossuary  | Learned a level 3 spell: Spider Form
  1909 | Ossuary  | Noticed a flying skull
  1909 | Ossuary  | Noticed a wraith
  1916 | Ossuary  | Noticed a flying skull
  1921 | Ossuary  | Noticed a wraith
  1931 | Ossuary  | Slain by a wraith

Illustrated notes

Levels and vault maps discovered:
D:1:      lightli_arrival_isolated_outpost, layout_loops_ring,
          hellmonk_ecumenical_altar_zigzags, minmay_pentomino_u4
D:2:      layout_loops_cross, grunt_ministairs_10, serial_bayou_ford_a
D:4:      minmay_clustersquares, layout_basic, enter_ossuary_3
Ossuary:  ossuary_due_cavern

Skill      XL: |  1  2  3 |
---------------+----------+-----
Fighting       | 2 |  2.4
Invocations    | 1 |  1.1
Dodging        | |  2.4
Unarmed Combat | |  3.3
Spellcasting   | |  2.3
Transmutations | |  2.4

Action                   |  1- 3 |  4- 6 || total
-------------------------+-------+-------++-------
Melee: Unarmed           |    61 |    28 ||    89
       Constrict         |    12 |     3 ||    15
       Tentacles         |     9 |     2 ||    11
       Punch             |     1 |       ||     1
       Kick              |     6 |       ||     6
 Cast: Beastly Appendage |     4 |       ||     4
       Spider Form       |       |     5 ||     5
Invok: Bend Space        |       |     1 ||     1
  Use: Scroll            |     1 |     1 ||     2
       Potion            |       |     2 ||     2
 Stab: Sleeping          |     2 |     3 ||     5
Armor: Skin              |     5 |     4 ||     9
Dodge: Dodged            |    36 |    18 ||    54

Table legend: (Time is in decaauts)
 A = Elapsed time spent in this place.
 B = Non-inter-level travel time spent in this place.
 C = Inter-level travel time spent in this place.
 D = Time resting spent in this place.
 E = Time spent auto-exploring this place.
 F = Levels seen in this place.
 G = Mean time per level.
                   A        B        C        D        E       F      G
               +--------+--------+--------+--------+--------+-----+--------+
         Total |   1928 |   1881 |     47 |    594 |    968 |   4 |  482.0 |
       Dungeon |   1438 |   1391 |     47 |    275 |    932 |   3 |  479.3 |
       Ossuary |    490 |    490 |      0 |    319 |     36 |   1 |  490.0 |
               +--------+--------+--------+--------+--------+-----+--------+

Top non-repeatable levels by time:
     D:1: 1263 daAuts
 Ossuary: 490 daAuts
     D:4: 169 daAuts
     D:2: 4 daAuts
